 Dungeon Crawl Stone Soup version 0.13-a0-2236-g7be3fc8 (webtiles) character file.

89 M4edhros the Vexing (level 3, -2/23 HPs)
             Began as an Octopode Arcane Marksman on July 4, 2013.
             Slain by a kobold
             ... wielding a +2,+1 dwarven mace
              (10 damage)
             ... on Level 1 of the Dungeon.
             The game lasted 00:01:30 (984 turns).

M4edhros the Vexing (Octopode Arcane Marksman)       Turns: 984, Time: 00:01:30

HP  -2/23        AC  1     Str 10      XL: 3   Next: 14%
MP   4/4         EV 12     Int 16      God:
Gold 61          SH  0     Dex 11      Spells:  1 memorised,  5 levels left

Res.Fire  : . . .   See Invis. : .   (no weapon)
Res.Cold  : . . .   Warding    : .   (no shield)
Life Prot.: . . .   Conserve   : .   (helmet restricted)
Res.Poison: .       Res.Corr.  : .   (no amulet)
Res.Elec. : .       Clarity    : .   (no ring)
Sust.Abil.: . .     Spirit.Shd : .   (no ring)
Res.Mut.  : .       Stasis     : .   (no ring)
Res.Rott. : .       Flight     : .   (no ring)
Saprovore : . . .                    (no ring)
                                     (no ring)
                                     (no ring)
                                     (no ring)

@: not resistant to hostile enchantments, fairly stealthy
A: almost no armour, amphibious, 8 rings, constrict 8, camouflage 1, AC +1
a: no special abilities


You were on level 1 of the Dungeon.
You were not hungry.

You visited 1 branch of the dungeon, and saw 1 of its levels.

You collected 11 gold pieces.

Inventory:

Hand weapons
 b - a +0,+0 crossbow
Missiles
 c - 20 bolts
Comestibles
 f - 2 bread rations
Scrolls
 a - 3 scrolls of identify {unknown}
 e - 2 scrolls of blinking {unknown}
 g - a scroll of random uselessness {unknown}
Books
 d - a book of Debilitation

   Spells                             Type                      Level
   *Corona                            Hexes                        1
   Slow                               Hexes                        2
   Inner Flame                        Hexes/Fire                   3
   Enslavement                        Hexes                        4
   Cause Fear                         Hexes                        4
   Leda's Liquefaction                Hexes/Earth                  4


   Skills:
 + Level 2.2 Fighting
 + Level 2.5 Crossbows
 - Level 2.0 Dodging
 + Level 0.8 Unarmed Combat
 - Level 2.0 Spellcasting
 - Level 3.0 Hexes


You had 5 spell levels left.
You knew the following spells:

 Your Spells              Type           Power        Failure   Level  Hunger
a - Corona                Hex            ##.....      8%          1    #......


Dungeon Overview and Level Annotations

Branches:
Dungeon (1/27)

Altars:


Innate Abilities, Weirdness & Mutations

You cannot wear most types of armour.
You are amphibious.
You can wear up to eight rings at the same time.
You can use your tentacles to constrict many enemies at once.
Your skin changes colour to match your surroundings (Stlth).
Your rubbery body absorbs attacks (AC +1).


Message History

You constrict the hobgoblin, but do no damage.
The hobgoblin closely misses you.
You hit the hobgoblin.
The hobgoblin is severely wounded.
You constrict the hobgoblin.
You kill the hobgoblin!
You see here a hobgoblin corpse.
A kobold comes into view. It is wielding a dwarven mace.
The kobold moves out of view.
The kobold throws an orcish club.
The orcish club hits you!
You see here an orcish club.
A kobold is nearby!
The kobold throws a dart.
The dart hits you!
You see here a dart.
The kobold barely misses you.
A rat comes into view.
The kobold barely misses you.
You closely miss the kobold. You grab the kobold. You constrict the kobold.
The kobold hits you with a dwarven mace!
You die...

....#............. ..#
###.#....######### #.# ###.#.#.##
#.# .........# #########.#
.##.#.#.)# #...%.....# ......#..#
#)#######.# ....###..# #(# #.#
##### #..# ###.### #.# #### #.>#
#..@K.# #.# ...# #..#####.....#
#.####### ...####..............r
#.......#
.........#####.[...##.##...###.#
.....###.# #.....## ##.#.# #.#
.....###.## ###.####.##.#.###.##
..........######.####..........>.
...#####......##.........#.###.##
##.####...###....................


You could see a kobold and a rat (sleeping).

Vanquished Creatures
  A ball python (D:1)
  4 goblins (D:1)
  3 hobgoblins (D:1)
  7 jackals (D:1)
  A bat (D:1)
  2 giant newts (D:1)
  4 kobolds (D:1)
  3 rats (D:1)
25 creatures vanquished.

Notes
Turn   | Place    | Note
--------------------------------------------------------------
     0 | D:1      | M4edhros, the Octopode Arcane Marksman, began the quest for the Orb.
     0 | D:1      | Reached XP level 1. HP: 13/13 MP: 1/1
   273 | D:1      | Reached XP level 2. HP: 11/18 MP: 3/3
   926 | D:1      | Reached XP level 3. HP: 19/23 MP: 4/4
   984 | D:1      | Slain by a kobold

Action                   || total
-------------------------++-------
Melee: Unarmed           ||    69
 Fire: Crossbow          ||     3
  Use: Potion            ||     1
 Stab: Sleeping          ||     2
